[Event "Titled Tuesday Blitz May 10 Early 2022"]
[White "Fedoseev, Vladimir"]
[Black "Karacsonyi, Gellert"]
[WhiteFideId "24130737"]
[BlackFideId "764620"]
[WhiteElo "2726"]
[BlackElo "2187"]
[Result "1-0"]
[Round "07"]
[TimeControl "180+1"]
[Date "2022.05.10"]
[WhiteClock "0:01:11"]
[BlackClock "0:00:05"]

1. e4 e6 2. d4 d5 3. Nd2 Be7 4. Ngf3 Nf6 5. Bd3 c5 6. dxc5 dxe4 7. Bxe4 Bxc5 8. Qe2 Nc6 9. Bxc6+ bxc6 10. O-O O-O 11. b3 a5 12. Bb2 Ba6 13. c4 Qe7 14. Rad1 Rfd8 15. Bxf6 Qxf6 16. Ne4 Qe7 17. Ne5 Bb7 18. Nxf7 Rxd1 19. Rxd1 Kxf7 20. Nxc5 Qxc5 21. Rd7+ Kf6 22. Rxb7 a4 23. Qg4 g5 24. h4 Rd8 25. hxg5+ Kg6 26. Qxe6+ Kxg5 27. Rg7+ 1-0


[Site "https://www.chess.com"]

[Event "Titled Tuesday Blitz May 10 Early 2022"]
[White "Ferreira, Vitor Hugo Vieira"]
[Black "Jian, Alex"]
[WhiteFideId "2119765"]
[BlackFideId "30901022"]
[WhiteElo "2165"]
[BlackElo "2111"]
[Result "1-0"]
[Round "07"]
[TimeControl "180+1"]
[Date "2022.05.11"]
[WhiteClock "0:00:17"]
[BlackClock "0:00:02"]

1. d4 Nf6 2. c4 e6 3. Nf3 d5 4. g3 dxc4 5. Qa4+ Nbd7 6. Qxc4 a6 7. Bg2 b5 8. Qc2 Bb7 9. O-O c5 10. Nc3 Rc8 11. dxc5 Bxc5 12. a3 O-O 13. Bg5 Qb6 14. b4 Bxf2+ 15. Rxf2 Ne4 16. Qxe4 Bxe4 17. Nxe4 f5 18. Nc5 Nxc5 19. Be3 Rfe8 20. Rc1 Qd8 21. bxc5 e5 22. Rff1 e4 23. Nd4 g6 24. c6 Qd6 25. Rfd1 Qxa3 26. Bf4 b4 27. e3 b3 28. Rc3 Qa2 29. Nxb3 Red8 30. Rxd8+ Rxd8 31. c7 Rc8 32. Bf1 Qb2 33. Rc6 Qxb3 34. Bc4+ Qxc4 35. Rxc4 Kf7 36. Rb4 Ke7 37. Rb8 Kd7 38. Kf1 a5 39. Ke1 g5 40. Be5 a4 41. Kd1 a3 42. Kc2 a2 43. Kb2 h5 44. Kxa2 h4 45. gxh4 gxh4 46. h3 f4 47. Bxf4 Rxc7 48. Bxc7 Kxc7 49. Re8 1-0


[Site "https://www.chess.com"]

[Event "Titled Tuesday Blitz May 10 Early 2022"]
[White "Fier, Alexandr"]
[Black "Carlsen, Magnus"]
[WhiteFideId "2107139"]
[BlackFideId "1503014"]
[WhiteElo "2571"]
[BlackElo "2832"]
[Result "0-1"]
[Round "07"]
[TimeControl "180+1"]
[Date "2022.05.10"]
[WhiteClock "0:00:21"]
[BlackClock "0:00:14"]

1. e4 b6 2. d4 Bb7 3. Bd3 d6 4. c4 Nd7 5. Nc3 e5 6. d5 a5 7. Nge2 Be7 8. O-O Bg5 9. b3 Bxc1 10. Qxc1 Ne7 11. a3 O-O 12. b4 Ng6 13. Qe3 Qe7 14. g3 Nf6 15. f3 Bc8 16. Nb5 Ba6 17. Nec3 Rfc8 18. Kg2 Nf8 19. Rfc1 N8d7 20. h4 g6 21. Qg5 Kg7 22. Kh2 h6 23. Qe3 Nh5 24. Ra2 axb4 25. axb4 Bxb5 26. cxb5 Rxa2+ 27. Nxa2 Ra8 28. Qf2 Qd8 29. Nc3 g5 30. hxg5 Qxg5 31. Rg1 Ndf6 32. Nd1 Ra3 33. Qe2 Kh8 34. Ne3 Nf4 35. gxf4 Qh4+ 36. Kg2 Nh5 37. Qc2 Nxf4+ 38. Kf1 Qh3+ 39. Kf2 Nxd3+ 40. Ke2 Nf4+ 41. Kf2 Qh2+ 42. Ng2 Nh3+ 43. Ke2 Qxg1 0-1


[Site "https://www.chess.com"]

[Event "Titled Tuesday Blitz May 10 Early 2022"]
[White "Friedel, Tom"]
[Black "Chernomordik, Pavel"]
[WhiteFideId "2002108"]
[BlackFideId "2804530"]
[WhiteElo "2326"]
[BlackElo "2220"]
[Result "1-0"]
[Round "07"]
[TimeControl "180+1"]
[Date "2022.05.11"]
[WhiteClock "0:00:03"]
[BlackClock "0:00:01"]

1. e4 g6 2. d4 Bg7 3. Nc3 d6 4. Be3 a6 5. Qd2 b5 6. Nge2 Bb7 7. a3 Nd7 8. g3 h5 9. h3 c5 10. Bg2 Qc7 11. O-O Ngf6 12. f4 b4 13. Nd5 Nxd5 14. exd5 a5 15. Rae1 bxa3 16. bxa3 c4 17. f5 gxf5 18. Rxf5 Nf6 19. Nc3 Qd7 20. Rf2 O-O-O 21. Rb1 Rhg8 22. Qe2 Ba6 23. Rb6 Qa7 24. Rc6+ Kb8 25. Rf1 Bf8 26. Rb1+ Ka8 27. Nb5 Bxb5 28. Rxb5 Rb8 29. Qxc4 Nd7 30. Rc7 Qa6 31. Rxb8+ Nxb8 32. Qxa6+ Nxa6 33. Rc8+ Kb7 34. Re8 Rxg3 35. Kf2 Rxe3 36. Kxe3 Bh6+ 37. Kd3 Bg5 38. Rf8 Bf6 39. Rxf7 h4 40. Be4 Nc7 41. c4 Kb6 42. Rf8 Na6 43. Ra8 Nc7 44. Rb8+ Ka7 45. Rb1 Na6 46. Bf5 Ka8 47. Bc8 Nc7 48. Bb7+ Ka7 49. Bc6 Na6 50. Rb7+ 1-0


[Site "https://www.chess.com"]

[Event "Titled Tuesday Blitz May 10 Early 2022"]
[White "Fromm, Marius"]
[Black "Kazarian, Anna-Maja"]
[WhiteFideId "12993190"]
[BlackFideId "1033689"]
[WhiteElo "2533"]
[BlackElo "2004"]
[Result "0-1"]
[Round "07"]
[TimeControl "180+1"]
[Date "2022.05.11"]
[WhiteClock "0:00:10"]
[BlackClock "0:00:08"]

1. e4 e6 2. d4 d5 3. Nc3 Nf6 4. e5 Nfd7 5. f4 c5 6. Nf3 Nc6 7. Be3 Be7 8. a3 O-O 9. dxc5 Bxc5 10. Bxc5 Nxc5 11. b4 Nd7 12. Bd3 f6 13. O-O Qb6+ 14. Kh1 Qe3 15. Qc1 Qxc1 16. Raxc1 fxe5 17. fxe5 Ndxe5 18. Nxe5 Rxf1+ 19. Rxf1 Nxe5 20. Bb5 Bd7 21. Bxd7 Nxd7 22. Nb5 Rc8 23. Rf2 a6 24. Nd6 Rc7 25. Rf7 Rxc2 26. Kg1 Rc7 27. Re7 e5 28. Re8+ Nf8 29. Rxe5 d4 30. Kf2 Rc2+ 31. Kf3 b6 32. Nf5 Rc3+ 33. Ke4 d3 34. Rd5 Rxa3 35. g4 Rb3 36. Rxd3 Rxb4+ 37. Kf3 Ne6 38. Rd6 Kf7 39. Rd7+ Kf6 40. h4 Rb3+ 41. Ke4 Rb4+ 42. Kf3 h6 43. Ng3 Rf4+ 44. Ke3 Rxg4 45. Ne4+ Ke5 46. Nd6 Rg3+ 47. Kf2 Rh3 48. Nc4+ Kf6 49. Nxb6 Rxh4 50. Nd5+ Ke5 51. Ne3 Rh2+ 52. Kf3 Nd4+ 53. Kg3 Ra2 54. Nc4+ Ke4 55. Nd6+ Kd5 56. Nf5+ Ke6 57. Rxd4 Kxf5 58. Rd5+ Ke6 59. Rd6+ Kxd6 60. Kg4 a5 61. Kh5 a4 62. Kg6 a3 63. Kxg7 Rg2+ 64. Kh7 a2 65. Kh8 a1=Q+ 66. Kh7 Qg7# 0-1


[Site "https://www.chess.com"]

[Event "Titled Tuesday Blitz May 10 Early 2022"]
[White "Gatterer, Florian"]
[Black "Heinemann, Josefine"]
[WhiteFideId "811688"]
[BlackFideId "12900460"]
[WhiteElo "2218"]
[BlackElo "2300"]
[Result "0-1"]
[Round "07"]
[TimeControl "180+1"]
[Date "2022.05.11"]
[WhiteClock "0:00:39"]
[BlackClock "0:00:18"]

1. e4 c5 2. Nf3 d6 3. Bb5+ Nd7 4. O-O a6 5. Bxd7+ Bxd7 6. d4 cxd4 7. Qxd4 Nf6 8. c4 e6 9. Nc3 Be7 10. Bg5 Bc6 11. Rfe1 O-O 12. Rad1 h6 13. Bh4 Rc8 14. b3 Qc7 15. e5 dxe5 16. Qxe5 Bxf3 17. Qxc7 Rxc7 18. gxf3 Rcc8 19. a4 Bb4 20. Bxf6 gxf6 21. Re3 Rfd8 22. Red3 Rxd3 23. Rxd3 f5 24. Ne2 Rc7 25. f4 Kf8 26. Kg2 Ke7 27. Kf3 Rc8 28. h4 Bd6 29. Rd1 Bb8 30. Nc1 b5 31. cxb5 axb5 32. a5 b4 33. Nd3 Rc3 34. Ke2 Rxb3 35. Ra1 Ra3 36. Rxa3 bxa3 37. Nb4 Bxf4 38. a6 Bb8 39. Kd3 Kd6 40. Kc4 Kc7 41. Kb5 Ba7 42. f3 e5 43. h5 e4 44. fxe4 fxe4 45. Ka4 f5 46. Kb3 e3 47. Nd3 e2 48. Kxa3 Kb6 49. Kb4 Kxa6 50. Kc3 Be3 51. Kc4 Bd2 52. Kd5 e1=Q 53. Nxe1 Bxe1 54. Ke5 Bd2 55. Kxf5 Kb6 56. Kg6 Kc6 57. Kh7 Kd6 58. Kh8 Ke6 59. Kg8 Kf5 60. Kg7 Kg5 61. Kh7 Kxh5 62. Kh8 Bc3+ 63. Kg8 Kg4 64. Kh7 h5 65. Kg8 h4 66. Kh7 h3 67. Kg8 h2 68. Kf7 h1=Q 69. Kg8 Qb7 0-1


[Site "https://www.chess.com"]

[Event "Titled Tuesday Blitz May 10 Early 2022"]
[White "Gharibyan, Mamikon"]
[Black "Samant Aditya S"]
[WhiteFideId "13308300"]
[BlackFideId "35080580"]
[WhiteElo "2254"]
[BlackElo "1916"]
[Result "1/2-1/2"]
[Round "07"]
[TimeControl "180+1"]
[Date "2022.05.10"]
[WhiteClock "0:00:04"]
[BlackClock "0:00:02"]

1. d4 Nf6 2. c4 e6 3. Nc3 Bb4 4. e3 b6 5. Ne2 c5 6. a3 Ba5 7. Rb1 Na6 8. Qa4 Bb7 9. b4 Bc6 10. b5 Be4 11. Rb2 cxd4 12. exd4 Nc7 13. Bd2 Bb7 14. Nf4 O-O 15. Bd3 d6 16. O-O e5 17. Nfe2 Ne6 18. Qc2 exd4 19. Nb1 Bxd2 20. Nxd2 d5 21. Rb4 Rc8 22. Nb3 dxc4 23. Rxc4 Qd5 24. f3 Qe5 25. Qd2 Bd5 26. Rxc8 Rxc8 27. f4 Qd6 28. Nbxd4 Nxd4 29. Nxd4 Qxa3 30. h3 Qc5 31. Bb1 Be4 32. Bxe4 Nxe4 33. Qe3 Nc3 34. Kh2 Nxb5 35. Rd1 Nxd4 36. Rxd4 g6 37. h4 h5 38. Qd2 Kg7 39. Rd5 Qc3 40. Qe2 Qf6 41. g3 Qc6 42. Qe5+ Kh7 43. Rd2 Qc3 44. Qd5 Rc7 45. f5 Qf6 46. Rf2 Qe7 47. fxg6+ fxg6 48. Qd3 Qe6 49. Re2 Qf6 50. Kg2 Rf7 51. Kh2 Kg7 52. Qe3 a5 53. Ra2 Re7 54. Qd3 Qe6 55. Qd2 Qf6 56. Qc2 Kh7 57. Qd2 Qe6 58. Qc2 Qe4 59. Qd2 Qf3 60. Qc2 Re3 61. Qc7+ Kh6 62. Rg2 Re2 63. Qc1+ Qe3 64. Qc7 Rxg2+ 65. Kxg2 Qe2+ 66. Kh3 Qg4+ 67. Kh2 Qe6 68. Qf4+ Kg7 69. Qc7+ Kf6 70. Qf4+ Ke7 71. Qc7+ Ke8 72. Qb8+ Kf7 73. Qc7+ Kf6 74. Qf4+ Kg7 75. Qc7+ Kh6 76. Qf4+ Kg7 1/2-1/2


[Site "https://www.chess.com"]

[Event "Titled Tuesday Blitz May 10 Early 2022"]
[White "Golubev, Mikhail"]
[Black "Sapunov, Evgeny"]
[WhiteFideId "14100983"]
[BlackFideId "4126661"]
[WhiteElo "2374"]
[BlackElo "2470"]
[Result "1/2-1/2"]
[Round "07"]
[TimeControl "180+1"]
[Date "2022.05.11"]
[WhiteClock "0:00:07"]
[BlackClock "0:00:17"]

1. e4 c5 2. Nf3 d6 3. d4 cxd4 4. Nxd4 Nf6 5. Nc3 Nc6 6. Bc4 e6 7. Be3 Be7 8. Qe2 O-O 9. O-O-O d5 10. Bb3 Bb4 11. Ndb5 Bxc3 12. Nxc3 d4 13. e5 Nd7 14. Bxd4 Qg5+ 15. Be3 Qxe5 16. f4 Qc7 17. f5 exf5 18. Nd5 Qe5 19. Qd2 Nf6 20. Bf4 Ne4 21. Qe3 Qe6 22. Nc7 Qf6 23. Nxa8 g5 24. Bg3 f4 25. Qxe4 Bf5 26. Rd6 Qxd6 27. Qxf5 fxg3 28. hxg3 h6 29. Rd1 Nd4 30. Qe4 Nxb3+ 31. axb3 Qb8 32. Rh1 Re8 33. Qd4 Qxg3 34. Kb1 Re1+ 35. Rxe1 Qxe1+ 36. Ka2 b6 37. Qd8+ Kg7 38. Nc7 Qa5+ 39. Kb1 Qe1+ 40. Ka2 Qa5+ 41. Kb1 Qe1+ 42. Ka2 1/2-1/2


[Site "https://www.chess.com"]

[Event "Titled Tuesday Blitz May 10 Early 2022"]
[White "Gurevich, Dmitry"]
[Black "Vignesh, N R"]
[WhiteFideId "2000407"]
[BlackFideId "25012215"]
[WhiteElo "2506"]
[BlackElo "2363"]
[Result "1-0"]
[Round "07"]
[TimeControl "180+1"]
[Date "2022.05.11"]
[WhiteClock "0:00:23"]
[BlackClock "0:00:04"]

1. d4 e6 2. c4 f5 3. g3 Nf6 4. Bg2 Bb4+ 5. Nd2 O-O 6. Nh3 d6 7. O-O Bxd2 8. Qxd2 Qe8 9. Nf4 c6 10. d5 e5 11. dxc6 bxc6 12. Nd5 cxd5 13. Bxd5+ Nxd5 14. Qxd5+ Qf7 15. Qxa8 Bb7 16. Qxa7 Nc6 17. Qa4 Nd4 18. Qd1 Qxc4 19. Re1 f4 20. Bd2 f3 21. e3 Qe6 22. Kh1 Ne2 23. Qb3 Bd5 24. Qd3 Kh8 25. e4 Bb7 26. Rxe2 Qh3 27. Rg1 fxe2 28. Qxe2 g5 29. f3 g4 30. Rf1 Bxe4 31. Kg1 gxf3 32. Qf2 Rc8 33. Rc1 Rxc1+ 34. Bxc1 Qc8 35. Qd2 Qc5+ 36. Qe3 Qd5 37. Qd2 Qc6 38. Kf2 Kg7 39. Qg5+ Kf7 40. Qh5+ Ke6 41. Qg4+ Kd5 42. Qg8+ Kd4 43. Be3+ 1-0


[Site "https://www.chess.com"]

[Event "Titled Tuesday Blitz May 10 Early 2022"]
[White "Guz, Ari"]
[Black "Rodchenkov, Sergey D."]
[WhiteFideId "2825759"]
[BlackFideId "4168712"]
[WhiteElo "1913"]
[BlackElo "2306"]
[Result "0-1"]
[Round "07"]
[TimeControl "180+1"]
[Date "2022.05.11"]
[WhiteClock "0:01:02"]
[BlackClock "0:00:28"]

1. b3 Nf6 2. Nf3 d5 3. Bb2 c5 4. e3 e6 5. d4 cxd4 6. Nxd4 Nc6 7. Nxc6 bxc6 8. Nd2 Bd6 9. Bd3 e5 10. c4 O-O 11. h3 a5 12. Qe2 e4 13. Bc2 a4 14. bxa4 Nd7 15. O-O Ne5 16. cxd5 Ba6 17. Qh5 g6 18. Qh6 cxd5 19. Rfd1 Qf6 20. Nb3 Nf3+ 21. gxf3 Qxb2 22. Bxe4 Qe5 23. Bd3 Qh2+ 24. Kf1 Bc8 25. Ke2 Bg3 26. Rf1 Bxh3 27. Qg5 Bxf1+ 28. Rxf1 Be5 29. a5 Bg7 30. Qxd5 Rfd8 31. Qe4 Qd6 32. Bc4 Rxa5 33. Qb7 Rxa2+ 34. Ke1 Qd1# 0-1


[Site "https://www.chess.com"]

[Event "Titled Tuesday Blitz May 10 Early 2022"]
[White "Hakobyan, Aram"]
[Black "Kamsky, Gata"]
[WhiteFideId "13306677"]
[BlackFideId "2000024"]
[WhiteElo "2557"]
[BlackElo "2645"]
[Result "1/2-1/2"]
[Round "07"]
[TimeControl "180+1"]
[Date "2022.05.10"]
[WhiteClock "0:00:08"]
[BlackClock "0:00:13"]

1. d4 d5 2. c4 c6 3. cxd5 cxd5 4. Bg5 h6 5. Bf4 e6 6. e3 Bd6 7. Bxd6 Qxd6 8. Nc3 Nc6 9. Bd3 Nge7 10. f4 O-O 11. Nf3 f6 12. O-O Bd7 13. Nb5 Qb8 14. Qd2 Be8 15. Rac1 Bg6 16. Bxg6 Nxg6 17. Rc5 Nge7 18. Rfc1 Qd8 19. a3 Qd7 20. R5c2 Rac8 21. Qd3 Rfd8 22. h3 a6 23. Nc3 Na5 24. Nd2 Nc4 25. Nxc4 Rxc4 26. b3 Rc6 27. Na4 Rxc2 28. Rxc2 Nf5 29. Qc3 h5 30. Kf2 h4 31. Qc7 Nd6 32. Nb6 Qe8 33. a4 Kh7 34. Kg1 Nf5 35. Rc3 Nd6 36. Kh2 Kh6 37. Rc1 Kh7 38. Qc2+ Kg8 39. Qc7 Kh7 40. a5 Kh6 41. Rc3 Kh7 42. Rc1 Kh6 43. Rf1 Kh7 44. Na4 Rd7 45. Qc2+ Qg6 46. Qxg6+ Kxg6 47. Rc1 Kf5 48. Kg1 Re7 49. Kf2 g5 50. fxg5 Kxg5 51. Nc5 Kf5 52. Ke2 Ne4 53. Rf1+ Kg5 54. Nxe4+ dxe4 55. Rc1 f5 56. Rc5 Kf6 57. Kf2 Rg7 58. b4 Rd7 59. b5 axb5 60. Rxb5 Rc7 61. Rb6 Rc2+ 62. Kf1 Ra2 63. d5 Rxa5 64. Rxe6+ Kf7 65. Re5 Kf6 66. Re6+ Kf7 67. Rb6 Rxd5 68. Rxb7+ Kg6 69. Ke2 Ra5 70. Rb2 Ra1 71. Kf2 Rc1 72. g3 hxg3+ 73. Kxg3 Re1 74. Kf4 Rf1+ 75. Ke5 Rf3 76. h4 Kh5 77. Rh2 Rxe3 78. Kxf5 Re1 79. Kf4 e3 80. Kf3 e2 81. Kf2 Rb1 82. Kxe2 Rb4 83. Kf3 Rxh4 84. Kg3 Rxh2 85. Kxh2 1/2-1/2


[Site "https://www.chess.com"]

[Event "Titled Tuesday Blitz May 10 Early 2022"]
[White "Hambleton, Aman"]
[Black "Shyaamnikhil P"]
[WhiteFideId "2606577"]
[BlackFideId "5024218"]
[WhiteElo "2552"]
[BlackElo "2329"]
[Result "0-1"]
[Round "07"]
[TimeControl "180+1"]
[Date "2022.05.10"]
[WhiteClock "0:00:02"]
[BlackClock "0:00:16"]

1. d4 Nf6 2. Bf4 e6 3. e3 c5 4. c3 b6 5. Nf3 Be7 6. Nbd2 O-O 7. a4 Ba6 8. Bb5 Bb7 9. h3 a6 10. Bd3 cxd4 11. exd4 d6 12. Bh2 Nbd7 13. O-O Re8 14. Re1 Nf8 15. Nc4 Ng6 16. Nfd2 Rb8 17. Ne3 Bf8 18. Qe2 Ra8 19. Rad1 Qd7 20. Ndc4 Qc6 21. Qc2 e5 22. dxe5 Nxe5 23. Bf1 Nxc4 24. Nxc4 Rxe1 25. Rxe1 Ne4 26. Qb3 Ng5 27. f3 Nxf3+ 28. gxf3 Qxf3 29. Bxd6 Bxd6 30. Re3 Qh1+ 31. Kf2 Bc5 32. Nxb6 Qf3+ 33. Ke1 Qxe3+ 34. Be2 Bxb6 0-1


[Site "https://www.chess.com"]

[Event "Titled Tuesday Blitz May 10 Early 2022"]
[White "Hamley, Ryan"]
[Black "Matinian, Nikita"]
[WhiteFideId "30959497"]
[BlackFideId "24129100"]
[WhiteElo "2517"]
[BlackElo "2422"]
[Result "0-1"]
[Round "07"]
[TimeControl "180+1"]
[Date "2022.05.11"]
[WhiteClock "0:00:51"]
[BlackClock "0:01:52"]

1. Nf3 Nf6 2. b3 g6 3. Bb2 Bg7 4. c4 O-O 5. g3 d6 6. Bg2 e5 7. O-O c5 8. d3 Nc6 9. Nc3 h6 10. e3 Re8 11. d4 cxd4 12. exd4 e4 13. Ne1 Bf5 14. Nc2 h5 15. Ne3 Ng4 16. Nxf5 gxf5 17. Nd5 Qg5 18. Nc7 e3 19. Nxe8 exf2+ 20. Kh1 Rxe8 21. Qc1 Qxc1 22. Raxc1 Nxd4 23. Bxd4 Bxd4 24. h3 Nf6 25. Rcd1 Bc5 26. Bxb7 Re2 27. a4 Ne4 28. Bxe4 fxe4 29. Kg2 e3 30. Kf3 Rb2 31. Rb1 e2 32. Rxf2 Bxf2 33. Rxb2 e1=Q 34. Rxf2 Qc3+ 35. Kg2 Qxb3 36. Rf4 Qxa4 37. Kf3 Qc6+ 38. Ke3 a5 0-1


[Site "https://www.chess.com"]

[Event "Titled Tuesday Blitz May 10 Early 2022"]
[White "Harish, Neeraj"]
[Black "Ardila, Oscar Humberto"]
[WhiteFideId "30958130"]
[BlackFideId "4404742"]
[WhiteElo "1574"]
[BlackElo "1928"]
[Result "0-1"]
[Round "07"]
[TimeControl "180+1"]
[Date "2022.05.11"]
[WhiteClock "0:00:05"]
[BlackClock "0:00:39"]

1. e4 e5 2. Nf3 Nf6 3. d4 Nxe4 4. Nxe5 d5 5. Bd3 Bd6 6. Nf3 O-O 7. O-O Nc6 8. c3 Bg4 9. h3 Bh5 10. Re1 Re8 11. Nbd2 f5 12. Nf1 Qf6 13. h4 h6 14. N1h2 Re7 15. Be3 Rae8 16. Qc2 Nd8 17. Rad1 c6 18. a4 Ne6 19. a5 a6 20. b4 Qg6 21. Kh1 Nf4 22. Bxf4 Bxf4 23. Be2 Nxf2+ 24. Kg1 Nxd1 25. Qxd1 Qg3 0-1


[Site "https://www.chess.com"]

[Event "Titled Tuesday Blitz May 10 Early 2022"]
[White "Harshavardhan G B"]
[Black "Moussard, Jules"]
[WhiteFideId "25059009"]
[BlackFideId "642908"]
[WhiteElo "1831"]
[BlackElo "2589"]
[Result "0-1"]
[Round "07"]
[TimeControl "180+1"]
[Date "2022.05.10"]
[WhiteClock "0:00:06"]
[BlackClock "0:01:08"]

1. d4 d6 2. c4 e5 3. Nf3 e4 4. Ng5 f5 5. Nc3 Nf6 6. g3 Be7 7. h4 O-O 8. Bg2 c5 9. d5 h6 10. Nh3 Nbd7 11. Bf4 Ne5 12. b3 a6 13. a4 Bd7 14. O-O Be8 15. f3 Bg6 16. Bxe5 dxe5 17. fxe4 fxe4 18. e3 Bh5 19. Qd2 Bf3 20. Bxf3 exf3 21. Rxf3 Qd7 22. Kg2 e4 23. Rff1 Bd6 24. Qe2 Be5 25. Rac1 Qg4 26. Qxg4 Nxg4 27. Rxf8+ Rxf8 28. Nd1 Rf3 29. Nf4 g5 30. hxg5 hxg5 31. Ne2 a5 32. Rb1 Kf7 33. Nec3 Rxg3+ 34. Kf1 Rf3+ 35. Ke2 Bxc3 36. Nxc3 Rxe3+ 37. Kd2 Rd3+ 38. Kc2 Ne3+ 39. Kb2 Rd2+ 40. Ka3 Nc2+ 41. Kb2 Nb4+ 42. Ka1 e3 43. Rf1+ Rf2 44. Rg1 e2 45. Nxe2 Rxe2 46. Rxg5 Kf6 47. Rg8 Rd2 48. Re8 Kf5 49. Kb1 Kf4 50. Kc1 Rd3 51. Kb2 Re3 52. Rb8 Re2+ 53. Kc1 Ke3 54. Rxb7 Na2+ 55. Kd1 Nc3+ 56. Kc1 Kd3 0-1


[Site "https://www.chess.com"]

[Event "Titled Tuesday Blitz May 10 Early 2022"]
[White "Hoffmann, Asa"]
[Black "Liyanage, Ranindu Dilshan"]
[WhiteFideId "2001470"]
[BlackFideId "9915834"]
[WhiteElo "2117"]
[BlackElo "1858"]
[Result "1-0"]
[Round "07"]
[TimeControl "180+1"]
[Date "2022.05.11"]
[WhiteClock "0:00:55"]
[BlackClock "0:00:15"]

1. d4 Nf6 2. Bg5 d5 3. Nd2 Nbd7 4. e3 e6 5. Bd3 c5 6. c3 b6 7. f4 Bb7 8. Ngf3 Be7 9. O-O Ne4 10. Bxe7 Qxe7 11. Bxe4 dxe4 12. Ne5 O-O 13. a4 Nf6 14. Qe2 Qd8 15. dxc5 bxc5 16. Rad1 Qa5 17. Qb5 Qxb5 18. axb5 Rfd8 19. c4 a6 20. bxa6 Bxa6 21. Nb3 Rdc8 22. Rd6 h5 23. h3 h4 24. Rfd1 Ne8 25. Rd7 Rab8 26. Nd2 f6 27. Ng6 Rd8 28. Nxe4 Rxd7 29. Rxd7 Bxc4 30. Rd2 Rb3 31. Kf2 Bd3 32. Nxc5 Bxg6 33. Nxb3 Kf7 34. Nd4 Ke7 35. b4 Nd6 36. Ra2 Bd3 37. Ra7+ 1-0


[Site "https://www.chess.com"]

[Event "Titled Tuesday Blitz May 10 Early 2022"]
[White "Horak, Martin"]
[Black "Mikhnenko, Alexander"]
[WhiteFideId "367095"]
[BlackFideId "34143014"]
[WhiteElo "1997"]
[BlackElo "2117"]
[Result "1/2-1/2"]
[Round "07"]
[TimeControl "180+1"]
[Date "2022.05.11"]
[WhiteClock "0:01:58"]
[BlackClock "0:02:21"]

1. e4 c5 2. Nf3 e6 3. d4 cxd4 4. Nxd4 Nf6 5. Nc3 Nc6 6. Nxc6 bxc6 7. Bd3 d5 8. Qe2 Qa5 9. O-O Qc7 10. b3 Bd6 11. h3 Be5 12. Bb2 O-O 13. exd5 exd5 14. Nxd5 Bh2+ 15. Kh1 Nxd5 16. Bxh7+ Kxh7 17. Qh5+ Kg8 18. Bxg7 Kxg7 19. Qg5+ Kh7 20. Qh5+ Kg8 21. Qg5+ Kh8 22. Qh5+ Kg8 23. Qg5+ Kh8 24. Qh5+ Kg8 1/2-1/2


[Site "https://www.chess.com"]

[Event "Titled Tuesday Blitz May 10 Early 2022"]
[White "Ianov, Viktor"]
[Black "Girinath, P.D.S."]
[WhiteFideId "14102730"]
[BlackFideId "5000572"]
[WhiteElo "2152"]
[BlackElo "2369"]
[Result "1-0"]
[Round "07"]
[TimeControl "180+1"]
[Date "2022.05.11"]
[WhiteClock "0:00:57"]
[BlackClock "0:00:05"]

1. Nf3 e6 2. g3 f5 3. Bg2 Nf6 4. O-O Be7 5. c4 O-O 6. Nc3 a5 7. b3 d6 8. d4 Qe8 9. Bb2 Qh5 10. e3 Qh6 11. a3 g5 12. b4 g4 13. Ne1 Nc6 14. Nd3 Nd8 15. c5 Nf7 16. f4 gxf3 17. Qxf3 Ng4 18. h3 Qxe3+ 19. Qxe3 Nxe3 20. Rfc1 Nxg2 21. Kxg2 Bd7 22. d5 e5 23. Re1 Bf6 24. Ne2 Kg7 25. cxd6 cxd6 26. Rac1 Bb5 27. Nf2 Rfc8 28. Nc3 Bc4 29. b5 a4 30. g4 Bg5 31. Rcd1 Bb3 32. Rd3 e4 33. Ncxe4+ Kg6 34. Nxg5 Nxg5 35. h4 Ne4 36. gxf5+ Kxf5 37. Rxe4 Rc2 38. Rf3+ Kg6 39. Rg4+ Kh5 40. Rf5+ Kh6 41. Bg7# 1-0


[Site "https://www.chess.com"]

[Event "Titled Tuesday Blitz May 10 Early 2022"]
[White "Iljin, Timofey"]
[Black "Acosta Cruz, Oscar Yosimar"]
[WhiteFideId "14110180"]
[BlackFideId "5111269"]
[WhiteElo "2404"]
[BlackElo "2147"]
[Result "1-0"]
[Round "07"]
[TimeControl "180+1"]
[Date "2022.05.11"]
[WhiteClock "0:02:26"]
[BlackClock "0:00:11"]

1. d4 Nf6 2. c4 c6 3. Nc3 d5 4. Nf3 a6 5. g3 dxc4 6. a4 e6 7. Bg2 Bb4 8. O-O O-O 9. Qc2 Bxc3 10. bxc3 b5 11. e4 Bb7 12. Ba3 Re8 13. Rfe1 Nbd7 14. Rad1 Qc7 15. e5 Nd5 16. Bd6 Qb6 17. Ng5 g6 18. h4 Ne7 19. h5 Nf5 20. Ba3 Rac8 21. Qe4 h6 22. Nxf7 Kxf7 23. hxg6+ Kxg6 24. g4 Rg8 25. Kh2 Kf7 26. gxf5 Rxg2+ 27. Qxg2 Rg8 28. fxe6+ Kxe6 29. Qh3+ Kf7 30. Qxd7+ 1-0


[Site "https://www.chess.com"]

[Event "Titled Tuesday Blitz May 10 Early 2022"]
[White "Ismayil, Malak"]
[Black "Krstulovic, Alex"]
[WhiteFideId "13412604"]
[BlackFideId "760056"]
[WhiteElo "1879"]
[BlackElo "2193"]
[Result "1-0"]
[Round "07"]
[TimeControl "180+1"]
[Date "2022.05.11"]
[WhiteClock "0:00:09"]
[BlackClock "0:00:02"]

1. e4 c5 2. Nf3 e6 3. Be2 Nc6 4. O-O Nf6 5. Nc3 d5 6. exd5 exd5 7. d4 Bg4 8. Re1 Be7 9. dxc5 d4 10. Nb5 O-O 11. Nbxd4 Bxc5 12. Nxc6 Qb6 13. Ncd4 Bxf3 14. Nxf3 Bxf2+ 15. Kh1 Bxe1 16. Qxe1 Rfe8 17. Qf1 Ne4 18. g3 Rac8 19. c3 Nf2+ 20. Kg2 Ng4 21. h3 Ne3+ 22. Bxe3 Rxe3 23. Rb1 Rce8 24. Nd4 Qd6 25. Qf2 Qd5+ 26. Bf3 Qxa2 27. Rd1 Qa5 28. Bxb7 h6 29. Bf3 Qb6 30. Nf5 R3e6 31. Qxb6 Rxb6 32. Rd2 g6 33. Nxh6+ Kg7 34. Ng4 Re1 35. Nf2 Rb1 36. b4 a5 37. bxa5 Ra6 38. Rd5 Rc1 39. Ne4 Ra1 40. h4 Ra2+ 41. Kh3 R6xa5 42. Rd7 Re5 43. Ng5 Rf5 44. Bd5 Rd2 45. c4 Rff2 46. Nxf7 Kf6 47. Ng5 Kf5 48. Rf7+ Ke5 49. Nf3+ Rxf3 50. Rxf3 Rd1 51. Kg4 1-0


[Site "https://www.chess.com"]

[Event "Titled Tuesday Blitz May 10 Early 2022"]
[White "Jannatul, Ferdous"]
[Black "Clawitter, Craig"]
[WhiteFideId "10212590"]
[BlackFideId "2023105"]
[WhiteElo "1707"]
[BlackElo "2286"]
[Result "1/2-1/2"]
[Round "07"]
[TimeControl "180+1"]
[Date "2022.05.11"]
[WhiteClock "0:01:45"]
[BlackClock "0:00:05"]

1. e4 e6 2. Nf3 d5 3. exd5 exd5 4. d4 Bd6 5. Bd3 Nc6 6. c3 Bg4 7. Qe2+ Nge7 8. h3 Bh5 9. O-O Qd7 10. b4 Bg6 11. Bxg6 hxg6 12. Ne5 Qe6 13. f4 f6 14. Re1 fxe5 15. fxe5 Bxb4 16. cxb4 Nxd4 17. Qd3 Ndf5 18. Nc3 O-O-O 19. Bg5 Rh5 20. Bxe7 Nxe7 21. Nb5 Qb6+ 22. Kh2 Nc6 23. a3 Rxe5 24. Nc3 Rxe1 25. Rxe1 d4 26. Ne4 Ne5 27. Qg3 Re8 28. Nc5 Qd6 29. Ne4 Qd5 30. Nc5 Qd6 31. Ne4 Qc6 32. Nc5 Qd6 1/2-1/2


[Site "https://www.chess.com"]

[Event "Titled Tuesday Blitz May 10 Early 2022"]
[White "Jaracz, Pawel"]
[Black "Kaasen, Tor Fredrik"]
[WhiteFideId "1102222"]
[BlackFideId "1516647"]
[WhiteElo "2429"]
[BlackElo "2335"]
[Result "0-1"]
[Round "07"]
[TimeControl "180+1"]
[Date "2022.05.10"]
[WhiteClock "0:00:03"]
[BlackClock "0:00:16"]

1. d4 Nf6 2. c4 g6 3. g3 Bg7 4. Bg2 O-O 5. Nc3 d6 6. Nf3 c5 7. O-O Nc6 8. d5 Na5 9. Nd2 e6 10. dxe6 Bxe6 11. b3 d5 12. Ba3 Rc8 13. cxd5 Nxd5 14. Nxd5 Bxa1 15. Qxa1 Bxd5 16. Ne4 Bxe4 17. Bxe4 Qd4 18. Qb1 Rfe8 19. Bf3 Nc6 20. Rd1 Qf6 21. Bg4 Rcd8 22. Rxd8 Rxd8 23. Bxc5 h5 24. Bf3 b6 25. Be3 Nd4 26. Qe4 Nxf3+ 27. exf3 Qe6 28. Qc2 h4 29. gxh4 Qh3 30. Bg5 Re8 31. Qd1 Qf5 32. Kg2 Qe5 33. Qd7 a5 34. Qc6 Qe6 35. Qb5 Rc8 36. Kg3 Rc5 37. Qd3 Rd5 38. Qc4 b5 39. Qc2 Rf5 40. Qd3 Qd5 0-1


[Site "https://www.chess.com"]